Map: Ephemeron LE

Players

Marsman - Winner!

  • Race: Protoss Protoss
  • Spawn Location: 11:00

PtitDrogo

  • Race: Protoss Protoss
  • Spawn Location: 5:00

Event: IEM Katowice 2020

VOD

Have the link to the VOD?

Description

Time

  • Played on: Feb. 25, 2020, 5:57 a.m.
  • Length: 6:02

All games in this series

Show
View Real Time Build Order
Export as new Build Order

Marsman Protoss - Winner!

Build Orders:  

Get SALT Encoding   

  12  0:01  Probe  
  13  0:13  Probe  
  14  0:17  Pylon  
  14  0:25  Probe  
  15  0:35  Gateway  
  15  0:37  Probe (Chrono Boost)  
  16  0:43  Assimilator  
  16  0:49  Probe (Chrono Boost)  
  17  0:53  Assimilator  
  17  0:55  Probe (Chrono Boost)  
  18  1:04  Probe (Chrono Boost)  
  18  1:09  Gateway  
  19  1:14  Probe (Chrono Boost)  
  20  1:19  Probe (Chrono Boost)  
  21  1:26  Cybernetics Core  
  21  1:31  Probe  
  22  1:37  Pylon  
  22  1:43  Probe  
  23  2:02  Robotics Facility  
  23  2:05  Stalker x2  
  27  2:10  Probe  
  27  2:13  Warp Gate  
  28  2:20  Pylon  
  28  2:31  Pylon  
  28  2:40  Stalker  
  28  2:42  Stalker  
  31  2:52  Immortal (Chrono Boost)  
  35  3:04  Gateway  
  35  3:21  Warp Prism (Chrono Boost)  
  37  3:29  Pylon  
  37  3:50  Observer  
  38  4:01  Stalker x3  
  44  4:06  Pylon  
  40  4:26  Warp Prism (Chrono Boost)  
  40  4:31  Sentry x3  
  48  4:42  Pylon  
  48  4:55  Adept x3  
  52  5:20  Stalker x2  
  50  5:33  Warp Prism (Chrono Boost)  
  46  5:38  Sentry  
Show
View Real Time Build Order
Export as new Build Order

PtitDrogo Protoss 

Build Orders: Phoenix Opening 

Get SALT Encoding   

  12  0:00  Probe  
  13  0:13  Probe  
  14  0:17  Pylon  
  14  0:25  Probe (Chrono Boost)  
  15  0:37  Probe (Chrono Boost)  
  15  0:38  Gateway  
  16  0:44  Probe (Chrono Boost)  
  16  0:46  Assimilator  
  17  0:51  Probe  
  17  0:55  Assimilator  
  18  1:03  Probe (Chrono Boost)  
  19  1:10  Gateway  
  19  1:13  Probe (Chrono Boost)  
  19  1:18  Probe  
  20  1:25  Cybernetics Core  
  21  1:30  Probe  
  22  1:35  Pylon  
  22  1:42  Probe  
  23  1:54  Probe  
  23  1:59  Warp Gate (Chrono Boost)  
  24  2:02  Sentry, Stalker  
  28  2:17  Pylon  
  28  2:29  Stalker  
  30  2:35  Stalker  
  32  2:45  Nexus  
  32  2:52  Shield Battery  
  32  3:01  Pylon  
  32  3:04  Sentry  
  32  3:05  Sentry  
  36  3:08  Probe  
  37  3:19  Gateway  
  37  3:32  Shield Battery  
  37  3:34  Shield Battery  
  37  3:40  Sentry  
  39  3:42  Stalker  
  41  3:49  Phoenix  
  41  3:51  Gateway  
  41  4:06  Sentry  
  41  4:07  Zealot  
  45  4:20  Stalker  
  41  4:28  Stalker x2  
  43  4:44  Pylon  
  43  4:47  Zealot x2  
  47  4:53  Sentry x2  
  49  5:12  Stalker x2  
  44  5:21  Stalker  
  28  5:36  Stalker x2  
  28  5:37  Zealot  
  28  5:39  Probe x2  
  34  5:45  Stalker  
  32  5:53  Stalker  

Tags
 
Add a new tag
Caveats
  • Supply blocks, unpowered buildings, or Contaminate may cause inaccurate times.
  • Supply counts are checked every 10 seconds.